 Dungeon Crawl Stone Soup version 0.31-a0-1576-ga3383bade6 (webtiles) character file.

Game seed: 16788381332627908252

55 grandjackal the Chopper (level 3, 0/29 HPs)
             Began as a Demonspawn Gladiator on Jan 4, 2024.
             Slain by a quokka (4 damage)
             ... on level 3 of the Dungeon.
             The game lasted 00:01:36 (1765 turns).

grandjackal the Chopper (Demonspawn Gladiator)      Turns: 1765, Time: 00:01:37

Health: 0/29       AC: 12    Str: 16    XL:     3   Next: 67%
Magic:  3/3        EV: 11    Int:  8    God:
Gold:   92         SH:  0    Dex: 14    Spells: 2/2 levels left

rFire   . . .        m - +0 trident (protect)
rCold   . . .        (no shield)
rNeg    . . .        k - +0 ring mail
rPois   .            (helmet restricted)
rElec   .            (no cloak)
rCorr   .            (no gloves)
SInv    .            (no boots)
Will    .....        (no amulet)
Stlth   +            (no ring)
HPRegen 0.24/turn    (no ring)
MPRegen 0.08/turn

%: no passive effects
@: under a protective aura
A: horns 1
a: no special abilities


You were on level 3 of the Dungeon.
You visited 1 branch of the dungeon, and saw 3 of its levels.

You collected 92 gold pieces.

Inventory:

Hand Weapons
 a - a +0 war axe
 m - a +0 trident of protection (weapon)
Missiles
 d - 3 throwing nets (quivered)
 e - a javelin
 j - 5 poisoned darts
Armour
 k - a +0 ring mail (worn)
Scrolls
 b - a scroll of fear {unknown}
 h - a scroll of enchant armour {unknown}
 i - 3 scrolls of identify {unknown}
 l - a scroll of noise {unknown}
 n - a scroll of teleportation {unknown}
Potions
 c - a potion of brilliance {unknown}
 f - 2 potions of curing {unknown}
 g - a potion of degeneration {unknown}


   Skills:
 + Level 3.0 Fighting
 + Level 3.3 Axes
 - Level 2.0 Throwing
 - Level 3.0 Dodging


You had 2 spell levels left.
You didn't know any spells.
Your spell library contained the following spells:

 Spells                   Type           Power      Damage    Failure   Level
 Summon Forest            Summ/Tloc      0%         N/A       100%        5
 Summon Mana Viper        Hex/Summ       0%         N/A       100%        5
 Summon Cactus Giant      Summ           0%         N/A       100%        6


Dungeon Overview and Level Annotations

Branches:
Dungeon (3/15)

Altars:


Innate Abilities, Weirdness & Mutations

You have a pair of small horns on your head.


Message History

You hit the orc but do no damage. You headbutt the orc.
You kill the orc!
You hit the orc but do no damage. The orc hits you with a +0 whip.
* * * LOW HITPOINT WARNING * * *
The orc barely misses you.
You closely miss the orc. You headbutt the orc.
The orc is heavily wounded.
The orc barely misses you.
You barely miss the orc.
The orc is heavily wounded.
The orc hits you with a +0 whip.
* * * LOW HITPOINT WARNING * * *
You closely miss the orc.
The orc is heavily wounded.
The orc hits you but does no damage.
The orc priest looks satisfied for a moment.
You hit the orc.
The orc is almost dead.
The orc misses you.
You closely miss the orc. You headbutt the orc.
You kill the orc!
You barely miss the orc. Your headbutt misses the orc.
The orc closely misses you. The orc misses you.
You hit the orc.
The orc is heavily wounded.
The orc hits you but does no damage.
The orc priest calls upon Beogh to heal the orc.
The orc's wounds heal themselves!
You closely miss the orc. The orc hits you but does no damage.
You hit the orc but do no damage. Your headbutt misses the orc.
The orc misses you.
You barely miss the orc. The orc hits you but does no damage.
You puncture the orc!
You kill the orc!
The quokka misses you.
Your Fighting skill increases to level 3!
You hit the quokka.
The quokka is almost dead.
The quokka bites you.
You die...

..## #.# #
#..########.###### #
#.................
#.###.#######.#.######
####.....# # #)#.#
.oo.o....### ###.#.#
########o..+ +...#.#
#r###+###.#.# #@# #.#
#.#.# #.###.###.#.#
#....)....#.#
###.###.#...#
#.###.###.#
#.##..###.#
#.........#
###########


You could see an orc priest and a quokka.

Vanquished Creatures
  2 dart slugs (D:1)
  A ribbon worm (D:2)
  4 orcs (D:3)
  5 ball pythons
  2 bats
  2 endoplasms
  3 giant cockroaches
  5 goblins
  2 hobgoblins
  2 quokkas
  2 frilled lizards (D:2)
  7 kobolds
  3 rats
40 creatures vanquished.

Notes
Turn   | Place    | Note
-------+----------+-------------------------------------------
     0 | D:1      | grandjackal the Demonspawn Gladiator began the quest for
                  | the Orb.
     0 | D:1      | Reached XP level 1. HP: 16/16 MP: 1/1
   260 | D:1      | Gained mutation: You have a pair of small horns on your
                  | head. [demonic ancestry]
   260 | D:1      | Reached XP level 2. HP: 22/22 MP: 2/2
   947 | D:2      | Reached XP level 3. HP: 27/28 MP: 3/3
  1119 | D:2      | Found a faded altar of an unknown god.
  1753 | D:3      | HP: 1/28 [orc/+0 whip (2)]
  1765 | D:3      | Slain by a quokka

Illustrated notes

Levels and vault maps discovered:
D:1:      spicycebolla_arrival_clurvy, layout_rooms, corexii_corridor_pit,
          chequers_serial_rivers_room_a, minmay_misc_feat_room,
          chequers_hall_statues_y
D:2:      layout_loops_ring, ebering_ecumenical_altar_mist, serial_forest,
          infiniplex_forest_straight_2, infiniplex_forest_clump_medium,
          infiniplex_forest_side_room, infiniplex_forest_corner_1
D:3:      layout_loops_ring, lemuel_doored_altar, item_on_display_a

Skill      XL: |  1  2  3 |
---------------+----------+-----
Throwing       | 2 |  2.0
Axes           | 3 |  3.3
Dodging        | 3 |  3.0
Fighting       | 3 |  3.0

Action                     || total
---------------------------++-------
  Melee: War axe           ||    79
         Headbutt          ||     9
         Trident           ||    46
 Armour: Leather armour    ||    16
         Ring mail         ||    58
  Dodge: Dodged            ||    73

Table legend: (Time is in decaauts)
 A = Elapsed time spent in this place.
 B = Non-inter-level travel time spent in this place.
 C = Inter-level travel time spent in this place.
 D = Time resting spent in this place.
 E = Time spent auto-exploring this place.
 F = Levels seen in this place.
 G = Mean time per level.
                   A        B        C        D        E       F      G
               +--------+--------+--------+--------+--------+-----+--------+
         Total |   1801 |   1730 |     71 |     35 |   1372 |   3 |  600.3 |
       Dungeon |   1801 |   1730 |     71 |     35 |   1372 |   3 |  600.3 |
               +--------+--------+--------+--------+--------+-----+--------+

Top non-repeatable levels by time:
     D:2: 936 daAuts
     D:1: 647 daAuts
     D:3: 217 daAuts
